 Dungeon Crawl Stone Soup version 0.28.0-43-g3370ac3207 (webtiles) character file.

Game seed: 4986421688321882485

279 pkoi the Conjurer (level 6, -1/48 HPs)
             Began as a Deep Elf Conjurer on Mar 7, 2022.
             Was an Initiate of Ru.
             Slain by a kobold brigand
             ... wielding a +0 dagger
              (6 damage)
             ... in a sewer.
             The game lasted 00:05:09 (5030 turns).

pkoi the Conjurer (Deep Elf Conjurer)               Turns: 5030, Time: 00:05:10

Health: -1/48      AC:  3    Str:  4    XL:     6   Next: 5%
Magic:  13/13      EV: 12    Int: 25    God:    Ru [......]
Gold:   169        SH:  0    Dex: 13    Spells: 2/12 levels left

rFire   . . .      SeeInvis .   e - +2 hand axe (vorpal)
rCold   . . .      Faith    .   g - orb {light}
rNeg    . . .      Spirit   .   a - +1 robe
rPois   .          Reflect  .   q - +0 hat
rElec   .          Harm     .   (no cloak)
rCorr   .          Rampage  .   (no gloves)
Will    .....                   (no boots)
Stlth   ..........              (no amulet)
HPRegen 0.16/turn               (no ring)
MPRegen 0.13/turn               (no ring)

@: berserking, glowing, slow
A: no striking features
a: Renounce Religion


You were in a sewer.
You worshipped Ru.
Ru was noncommittal.
You visited 1 branch of the dungeon, and saw 4 of its levels.
You also visited: Sewer.

You collected 169 gold pieces.

Inventory:

Hand Weapons
 b - a +0 dagger
 e - a +2 vorpal hand axe (weapon)
Missiles
 l - a throwing net
Armour
 a - a +1 robe (worn)
 g - an orb of light (worn)
 q - a +0 hat (worn)
Jewellery
 f - a ring of protection from fire
Wands
 j - a wand of iceblast (8)
Scrolls
 m - 2 scrolls of identify
 o - a scroll of teleportation
Potions
 c - a potion of cancellation {unknown}
 d - a potion of heal wounds
 i - 2 potions of curing {unknown}
 k - a potion of magic {unknown}
 n - a potion of invisibility {unknown}
 p - a potion of flight {unknown}


   Skills:
 - Level 2.4 Dodging
 + Level 4.5 Stealth
 + Level 3.7 Spellcasting
 * Level 6.5 Conjurations
 + Level 1.1 Translocations
 + Level 1.5 Air Magic


You had 2 spell levels left.
You knew the following spells:

 Your Spells              Type           Power      Damage    Failure   Level
a - Magic Dart            Conj           100%       1d8       1%          1
b - Searing Ray           Conj           74%        2d7       1%          2
c - Swiftness             Air            12%        N/A       14%         3
d - Iskenderun's Mystic   Conj/Tloc      23%        2d6       19%         4

Your spell library contained the following spells:

 Spells                   Type           Power      Damage    Failure   Level
 Shock                    Conj/Air       100%       1d9       1%          1
 Ensorcelled Hibernation  Hex/Ice        8%         N/A       14%         2
 Dazzling Flash           Conj/Hex       42%        N/A       8%          3
 Fulminant Prism          Conj/Hex       10%        3d9       24%         4
 Spider Form              Tmut/Pois      4%         N/A       28%         3
 Airstrike                Air            6%         N/A       43%         4
 Anguish                  Hex/Necr       2%         N/A       67%         4


Dungeon Overview and Level Annotations

Branches:
Dungeon (4/15)              Sewer (1/1)
 Temple: D:4-7

Altars:
Elyvilon
Ru

Shops:
D:1 !   D:2 ?


Message History

The magic dart hits the kobold brigand but does no damage.
You feel sick.
Casting: Magic Dart (safe; 1% risk of failure)
Confirm with . or Enter, or press ? or * to list all spells.
Okay, then.
Okay, then.
Okay, then.
You enter the shallow water.
Moving in this stuff is going to be slow.
You feel sick.
The kobold brigand throws a poisoned dart.
The poisoned dart hits you!
You are more poisoned.
The kobold brigand throws a poisoned dart.
The poisoned dart barely misses you.
You feel very sick.
You start resting.
You feel sick. x7
You are no longer poisoned.
A red film seems to cover your vision as you go berserk!
You feel yourself moving faster!
You feel mighty!
The kobold brigand hits you with a +0 whip.
* * * LOW HITPOINT WARNING * * *
The kobold brigand hits you with a +0 dagger.
* * * LOW HITPOINT WARNING * * *
You slash the kobold brigand!
The kobold brigand is heavily wounded.
You barely miss the kobold brigand.
The kobold brigand hits you with a +0 whip.
* * * LOW HITPOINT WARNING * * *
The kobold brigand hits you with a +0 dagger.
* * * LOW HITPOINT WARNING * * *
You slash the kobold brigand!
You kill the kobold brigand!
You hear a splash. x2
You barely miss the kobold brigand.
Your Translocations skill increases to level 1!
You have reached level 6!
Your unstable footing causes you to fumble your attack.
The kobold brigand hits you with a +0 dagger.
You die...

≈≈≈###≈.....≈####.≈≈.≈≈≈≈≈#
##..≈≈≈########..≈≈≈≈≈≈≈≈≈≈.
≈†≈##### #≈≈≈≈.#####≈≈≈≈
#### #.≈..## #≈.≈ #.≈≈## #≈.
#≈≈.# .≈ #≈≈.# ##≈.≈##
#≈≈≈@)# #≈###K# #≈ #≈# #≈
#≈# ≈≈≈ ≈#≈ #≈ ≈# #K ≈# #.
.#


You could see a kobold brigand.

Vanquished Creatures
  A kobold brigand (Sewer)
  A hound (D:4)
  6 adders
  2 river rats (Sewer)
  2 worms
  A dart slug (D:1)
  2 orcs (D:3)
  7 ball pythons
  3 bats
  6 endoplasms
  7 giant cockroaches
  13 hobgoblins
  15 jackals
  2 quokkas (D:1)
  6 frilled lizards
  7 goblins
  6 kobolds
  5 rats
92 creatures vanquished.

Notes
Turn   | Place    | Note
-------+----------+-------------------------------------------
     0 | D:1      | pkoi the Deep Elf Conjurer began the quest for the Orb.
     0 | D:1      | Reached XP level 1. HP: 10/10 MP: 6/6
   265 | D:1      | Found a faded altar of an unknown god.
   288 | D:1      | Reached XP level 2. HP: 15/15 MP: 2/8
   735 | D:1      | Reached skill level 5 in Conjurations
   953 | D:1      | Learned a level 2 spell: Searing Ray
  1554 | D:1      | Found Tefoeg's Distillery.
  1561 | D:1      | Reached XP level 3. HP: 19/19 MP: 7/9
  2120 | D:2      | Found Udghean's Magic Scroll Emporium.
  2397 | D:2      | Reached XP level 4. HP: 24/24 MP: 0/10
  2846 | D:3      | Found a white marble altar of Elyvilon.
  2923 | D:3      | Learned a level 3 spell: Swiftness
  3298 | D:3      | Found a sacrificial altar of Ru.
  3350 | D:3      | Became a worshipper of Ru the Awakened
  4039 | D:4      | Reached skill level 6 in Conjurations
  4165 | D:4      | Reached XP level 5. HP: 28/28 MP: 6/11
  4198 | D:4      | Identified the +0 ring mail of Compression {-Cast rF+
                  | rCorr}
  4231 | D:4      | Found a glowing drain.
  4243 | Sewer    | Entered a sewer
  4402 | Sewer    | Learned a level 4 spell: Iskenderun's Mystic Blast
  4581 | Sewer    | Reached skill level 1 in Air Magic
  5030 | Sewer    | Reached skill level 1 in Translocations
  5030 | Sewer    | Reached XP level 6. HP: 5/32 MP: 13/13
  5030 | Sewer    | Slain by a kobold brigand

Illustrated notes

Levels and vault maps discovered:
D:1:      minmay_arrival_three_doors, layout_loops_ring, serial_aquarium,
          aquarium_bridge_island_small [aquarium_subvault_small_open,
          aquarium_subvault_window, aquarium_subvault_wall,
          aquarium_subvault_bridge, aquarium_subvault_wall],
          aquarium_window_fake, aquarium_window_corner, aquarium_window_1,
          aquarium_window_corner, aquarium_view_2d, aquarium_balcony_3a,
          aquarium_pool_corner, basic_ecumenical_altar, serial_shops,
          nicolae_diamond_shop, patterned_corridor
D:2:      layout_rooms, serial_shops, nicolae_shop_window_shopping,
          st_stairs_14, amcnicky_mini_corridor_feature, serial_park_tiny_pond,
          grunt_ministairs_2, minmay_pentomino_w2
D:3:      layout_basic, nicolae_ru_sacrificial_ziggurat, elyvilon_altar_5,
          minmay_puff
D:4:      layout_loops_cross, marbit_many_paths, old_standard_altar,
          cheibrodos_sewer_entry_bend, hangedman_decor_push, minivault_23,
          serial_park_tiny_2
Sewer:    sewer_co_tree

Skill      XL: |  1  2  3  4  5 |
---------------+----------------+-----
Stealth        | 3 4 |  4.5
Conjurations   | 5 6 |  6.5
Air Magic      | 1 |  1.5
Translocations | 1 |  1.1
Dodging        | |  2.4
Spellcasting   | |  3.7

Action                   |  1- 3 |  4- 6 || total
-------------------------+-------+-------++-------
Melee: Hand axe          |     6 |     5 ||    11
 Cast: Magic Dart        |    85 |   101 ||   186
  Use: Scroll            |     3 |     5 ||     8
       Potion            |       |     1 ||     1
Armor: Robe              |     3 |     6 ||     9
Dodge: Dodged            |    14 |    16 ||    30
